 Dungeon Crawl Stone Soup version 0.29-a0-813-g4a14ea37d6 (webtiles) character file.

Game seed: 17779378418390971134

6 nicolae the Insei (level 1, -2/15 HPs)
             Began as a Demonspawn Transmuter on July 5, 2022.
             Succumbed to a kobold's poison
             ... on level 1 of the Dungeon.
             The game lasted 00:00:51 (521 turns).

nicolae the Insei (Demonspawn Transmuter)            Turns: 521, Time: 00:00:52

Health: -2/15      AC:  2    Str: 10    XL:     1   Next: 75%
Magic:  2/3        EV: 12    Int: 14    God:
Gold:   29         SH:  0    Dex: 13    Spells: 3/4 levels left

rFire   . . .      SeeInvis .     - Unarmed
rCold   . . .      Faith    .   (no shield)
rNeg    . . .      Spirit   .   a - +0 robe
rPois   .          Reflect  .   (no helmet)
rElec   .          Harm     .   (no cloak)
rCorr   .          Rampage  .   (no gloves)
Will    .....                   (no boots)
Stlth   +.........              (no amulet)
HPRegen 0.05/turn               (no ring)
MPRegen 0.08/turn               (no ring)

@: lethally poisoned (-2 -> -17), very slightly contaminated
A: no striking features
a: no special abilities


You were on level 1 of the Dungeon.
You visited 1 branch of the dungeon, and saw 1 of its levels.

You collected 29 gold pieces.

Inventory:

Armour
 a - a +0 robe (worn)
Scrolls
 b - a scroll of blinking {unknown}


   Skills:
 - Level 1.0 Fighting
 - Level 1.7 Dodging
 + Level 2.8 Unarmed Combat
 + Level 2.1 Spellcasting
 + Level 2.0 Transmutations


You had 3 spell levels left.
You knew the following spells:

 Your Spells              Type           Power      Damage    Failure   Level
a - Beastly Appendage     Tmut           14%        N/A       11%         1

Your spell library contained the following spells:

 Spells                   Type           Power      Damage    Failure   Level
 Wereblood                Tmut           7%         N/A       16%         2
 Spider Form              Tmut/Pois      4%         N/A       43%         3
 Ice Form                 Ice/Tmut       4%         N/A       83%         4


Dungeon Overview and Level Annotations

Branches:
Dungeon (1/15)

Altars:

Shops:
D:1 ?


Message History

Your Transmutations skill increases to level 2!
You cannot move.
You start resting.
Your transformation is almost over.
Magic restored.
You start resting.
You feel less wooden.
Your +0 robe unmelds from your body.
You start resting.
You start resting.
HP restored.
You start waiting.
Done waiting.
You now have 29 gold pieces (gained 4).
b - a scroll labelled ANNAMU RIHECVI A kobold comes into view.
It is wielding a +1 short sword of venom.
The kobold shouts!
Casting: Beastly Appendage (safe; 11% risk of failure)
Press: ? - help, Q - select action Dir - look around, f - activate You miscast Beastly Appendage.
You are very lightly contaminated with residual magic.
Nothing appears to happen.
The kobold hits you with a +1 short sword of venom.
You are lethally poisoned!
You aren't carrying any potions.
You barely miss the kobold.
You feel very sick. The kobold misses you.
You closely miss the kobold.
You feel sick. The kobold barely misses you.
You closely miss the kobold.
* * * LOW HITPOINT WARNING * * *
You feel sick. The kobold misses you.
You completely miss the kobold.
* * * LOW HITPOINT WARNING * * *
You feel sick.
The kobold hits you with a +1 short sword of venom.
* * * LOW HITPOINT WARNING * * *
You are more poisoned.
You miss the kobold.
You die...

#.###........###..#
#...........##....#
#.##.##......#...∩.
#....##......#.##..
#....##........##†[
#...###......#.....
#..####......#####.
#.......###### #.
##@###### #. #K# #.
#...# #. ###.# ##
.# ## # #. #. ###
+..


You could see a kobold.

Vanquished Creatures
  A bat (D:1)
  5 ball pythons (D:1)
6 creatures vanquished.

Notes
Turn   | Place    | Note
-------+----------+-------------------------------------------
     0 | D:1      | nicolae the Demonspawn Transmuter began the quest for the
                  | Orb.
     0 | D:1      | Reached XP level 1. HP: 15/15 MP: 3/3
    25 | D:1      | Found Tafylo's Magic Scroll Shoppe.
   521 | D:1      | Succumbed to a kobold's poison

Illustrated notes

Levels and vault maps discovered:
D:1:      nzn_arrival_crosshair, layout_loops_cross,
          shapermc_ecumenical_altar_hornbeckon, serial_shops,
          nicolae_square_shop, shop, nicolae_square_shop,
          nicolae_shop_bloodbath_and_beyond, nicolae_shop_waterfront

Skill      XL: |  1 |
---------------+----+-----
Transmutations | 2 |  2.0
Fighting       | |  1.0
Dodging        | |  1.7
Unarmed Combat | |  2.8
Spellcasting   | |  2.1

Action                   || total
-------------------------++-------
Melee: Unarmed           ||    28
       Headbutt          ||     1
       Punch             ||     1
 Cast: Beastly Appendage ||     4
  Use: Potion            ||     1
Armor: Robe              ||     8
       Skin              ||     5
Dodge: Dodged            ||    21

Table legend: (Time is in decaauts)
 A = Elapsed time spent in this place.
 B = Non-inter-level travel time spent in this place.
 C = Inter-level travel time spent in this place.
 D = Time resting spent in this place.
 E = Time spent auto-exploring this place.
 F = Levels seen in this place.
 G = Mean time per level.
                   A        B        C        D        E       F      G
               +--------+--------+--------+--------+--------+-----+--------+
         Total |    520 |    520 |      0 |    352 |    110 |   1 |  520.0 |
       Dungeon |    520 |    520 |      0 |    352 |    110 |   1 |  520.0 |
               +--------+--------+--------+--------+--------+-----+--------+

Top non-repeatable levels by time:
     D:1: 520 daAuts
